 Dungeon Crawl Stone Soup version 0.27-a0-1105-g946c659c87 (webtiles) character file.

Game seed: 18327516848174595846

557 kae the Chopper (level 7, -3/62 HPs)
             Began as a Hill Orc Fighter on Apr 29, 2021.
             Slain by Eustachio
             ... wielding the +3 Elemental Staff {rElec rF++ rC++ Will++ AC+5}
              (16 damage)
             ... on level 4 of the Dungeon.
             The game lasted 00:01:59 (4668 turns).

kae the Chopper (Hill Orc Fighter)                  Turns: 4668, Time: 00:02:00

Health: -3/62      AC:  8    Str: 21    XL:     7   Next: 30%
Magic:  7/7        EV:  7    Int: 14    God:
Gold:   137        SH:  9    Dex: 10    Spells: 6/6 levels left

rFire    . . .     SeeInvis .   a - +0 war axe (flame)
rCold    . . .     Faith    .   c - +0 kite shield
rNeg     + . .     Spirit   .   b - +1 scale mail
rPois    .         Reflect  .   (no helmet)
rElec    .         Harm     .   (no cloak)
rCorr    .         Rampage  .   (no gloves)
Will     .....                  (no boots)
Stlth    ..........             (no amulet)
HPRegen  0.20/turn              h - ring of positive energy
MPRegen  0.10/turn              e - +6 ring of intelligence

@: no status effects
A: no striking features
a: no special abilities


You were on level 4 of the Dungeon.
You visited 1 branch of the dungeon, and saw 4 of its levels.

You collected 137 gold pieces.

Inventory:

Hand Weapons
 a - a +0 war axe of flaming (weapon)
Armour
 b - a +1 scale mail (worn)
 c - a +0 kite shield (worn)
Jewellery
 e - a +6 ring of intelligence (right hand)
 h - a ring of positive energy (left hand)
 j - a +6 ring of intelligence
Scrolls
 f - a scroll of acquirement {unknown}
 g - a scroll of fear
 i - a scroll of enchant armour
 k - a scroll of identify
 l - a scroll of holy word
Potions
 d - 2 potions of might


   Skills:
 + Level 5.7 Fighting
 * Level 7.5 Axes
 + Level 5.2 Armour
 - Level 3.2 Shields


You had 6 spell levels left.
You didn't know any spells.
Your spell library contained the following spells:

 Spells                   Type           Power      Damage    Failure   Level
 Summon Small Mammal      Summ           0%         N/A       98%         1
 Call Imp                 Summ           0%         N/A       99%         2
 Call Canine Familiar     Summ           0%         N/A       100%        3
 Summon Guardian Golem    Hex/Summ       0%         N/A       100%        3
 Summon Ice Beast         Ice/Summ       0%         N/A       100%        4
 Summon Lightning Spire   Summ/Air       0%         N/A       100%        4


Dungeon Overview and Level Annotations

Branches:
Dungeon (4/15)
 Temple: D:4-7

Altars:

Annotations:
D:4 Eustachio


Message History

You are too injured to fight recklessly!
You are too injured to fight recklessly!
You are too injured to fight recklessly!
You slash Eustachio! You burn Eustachio.
Eustachio is heavily wounded.
You hit the quokka. You burn the quokka.
You kill the quokka!
The quokka's corpse disappears in a puff of smoke!
Eustachio hits you but does no damage.
You closely miss Eustachio.
Eustachio is heavily wounded.
You block Eustachio's attack.
You miss Eustachio.
Eustachio is heavily wounded.
You hit the rat but do no damage. x2
Eustachio mumbles some strange words.
Eustachio blinks!
You block the rat's attack. The rat completely misses you.
You block the rat's attack. The rat closely misses you.
The rat barely misses you.
You slash Eustachio! You burn Eustachio.
Eustachio is almost dead.
Your shield and scale mail prevent you from hitting the rat.
You closely miss the rat. The rat bites you but does no damage.
Eustachio screams, "At last I'll have my revenge!"
You block Eustachio's attack. You block the rat's attack.
You barely miss Eustachio.
Eustachio is almost dead.
You hit the rat. You burn the rat.
You kill the rat!
The rat's corpse disappears in a puff of smoke!
You hit the rat. You burn the rat.
You kill the rat!
The rat's corpse disappears in a puff of smoke!
You block Eustachio's attack.
You completely miss Eustachio.
Eustachio is almost dead.
Eustachio hits you with the +3 Elemental Staff {rElec rF++ rC++ Will++ AC+5}.
* * * LOW HITPOINT WARNING * * *
Eustachio freezes you!
You die...

. ...#####..........##.#
..## #..............
.....#####..............
..##...#................
#...##...##.............
......#.................
#......#....#.....>....#
#............#...######
###...@ยง.....#...######
#..@.................
#.......#..##..######
#..............#
#..........#...#
........##.##... ####
####.##### ..#..#.....
## ....###.. ........#


You could see Eustachio.

Vanquished Creatures
  Grinder (D:4)
  Edmund (D:4)
  A jelly (D:4)
  Jessica (D:3)
  Ijyb (D:3)
  2 adders (D:2)
  4 gnolls
  2 worms
  3 dart slugs (D:1)
  4 orcs (D:4)
  7 endoplasms
  4 giant cockroaches
  8 goblins
  7 hobgoblins
  13 jackals
  9 kobolds
  A quokka (D:1)
  6 ball pythons
  2 bats
  3 frilled lizards
  6 rats
86 creatures vanquished.

Notes
Turn   | Place    | Note
-------+----------+-------------------------------------------
     0 | D:1      | kae the Hill Orc Fighter began the quest for the Orb.
     0 | D:1      | Reached XP level 1. HP: 19/19 MP: 1/1
    37 | D:1      | Reached skill level 3 in Axes
    46 | D:1      | Reached XP level 2. HP: 24/27 MP: 2/2
   566 | D:1      | Reached XP level 3. HP: 30/33 MP: 3/3
   918 | D:1      | Reached skill level 4 in Axes
  1019 | D:1      | Found a faded altar of an unknown god.
  1304 | D:2      | Reached XP level 4. HP: 38/40 MP: 4/4
  2237 | D:3      | Noticed Jessica
  2240 | D:3      | Killed Jessica
  2241 | D:3      | Reached skill level 5 in Axes
  2241 | D:3      | Reached XP level 5. HP: 46/47 MP: 5/5
  2409 | D:3      | Noticed Ijyb
  2612 | D:3      | Killed Ijyb
  3312 | D:4      | HP: 2/47 [acid (9)]
  3847 | D:4      | Reached skill level 5 in Fighting
  3897 | D:4      | Reached XP level 6. HP: 56/56 MP: 6/6
  3905 | D:4      | Reached skill level 6 in Axes
  3983 | D:4      | Noticed Edmund
  3992 | D:4      | Killed Edmund
  4223 | D:4      | Noticed Grinder
  4225 | D:4      | Noticed Eustachio
  4234 | D:4      | Paralysed by Grinder for 2 turns
  4241 | D:4      | Killed Grinder
  4242 | D:4      | Reached skill level 7 in Axes
  4242 | D:4      | Reached skill level 5 in Armour
  4242 | D:4      | Reached XP level 7. HP: 33/62 MP: 7/7
  4668 | D:4      | Slain by Eustachio

Illustrated notes

Levels and vault maps discovered:
D:1:      ncdulo_watergridlock, layout_loops_corners,
          ebering_ecumenical_altar_mist, chequers_serial_rivers_small_a
D:2:      layout_basic
D:3:      layout_basic, uniq_ijyb, uniq_jessica
D:4:      layout_rooms, minmay_misc_feat_tower, uniq_edmund, uniq_eustachio,
          uniq_grinder

Skill      XL: |  1  2  3  4  5  6 |
---------------+-------------------+-----
Axes           | 3 4 5 7 |  7.5
Fighting       | 4 5 |  5.7
Armour         | 4 5 |  5.2
Shields        | |  3.2

Action                   |  1- 3 |  4- 6 |  7- 9 || total
-------------------------+-------+-------+-------++-------
Melee: War axe           |    81 |   134 |    14 ||   229
       Unarmed           |       |    13 |       ||    13
  Use: Scroll            |     4 |     5 |     1 ||    10
Armor: Scale mail        |    37 |    61 |     7 ||   105
Dodge: Dodged            |    31 |    40 |     7 ||    78
Block: Kite shield       |    52 |    61 |    11 ||   124

Table legend: (Time is in decaauts)
 A = Elapsed time spent in this place.
 B = Non-inter-level travel time spent in this place.
 C = Inter-level travel time spent in this place.
 D = Time resting spent in this place.
 E = Time spent auto-exploring this place.
 F = Levels seen in this place.
 G = Mean time per level.
                   A        B        C        D        E       F      G
               +--------+--------+--------+--------+--------+-----+--------+
         Total |   4781 |   4640 |    141 |    275 |   3736 |   4 | 1195.2 |
       Dungeon |   4781 |   4640 |    141 |    275 |   3736 |   4 | 1195.2 |
               +--------+--------+--------+--------+--------+-----+--------+

Top non-repeatable levels by time:
     D:3: 1714 daAuts
     D:1: 1305 daAuts
     D:2: 1124 daAuts
     D:4: 636 daAuts
